 Dungeon Crawl Stone Soup version bcrawl-1.21.3-2-g9d8a61a446 (webtiles) character file.

Game seed: 5243980064366139449

4810 funkygono the Blocker (level 10, 0/82 HPs)
             Began as a Gnoll Fighter on Apr 25, 2020.
             Was an Elder of Okawaru.
             Killed from afar by Psyche (9 damage)
             ... with a poison arrow
             ... on level 8 of the Dungeon.
             The game lasted 00:19:07 (8015 turns).

funkygono the Blocker (Gnoll Fighter)               Turns: 8015, Time: 00:19:08

Health: 0/82       AC: 11    Str: 26    XL:     10   Next: 48%
Magic:  26/26      EV: 12    Int: 12    God:    Okawaru [****..]
Gold:   627        SH: 12    Dex: 14    Spells: 17/19 levels left

rFire    + + .     SeeInvis .   y - +4 whip (flame)
rCold    + . .     Gourm    .   c - +0 medium shield
rNeg     . . .     Faith    .   b - +0 scale mail
rPois    +         Spirit   .   f - +1 helmet
rElec    +         Reflect  .   (no cloak)
rCorr    +         Harm     .   (no gloves)
MR       .....                  q - +0 pair of boots
Stlth    ++........             (no amulet)
HPRegen  0.23/turn              j - ring of magical power
MPRegen  0.20/turn              d - ring of protection from fire

@: mighty, lethally poisoned (0 -> -26), resistant, lightly drained
A: distributed training, fangs 1, strong nose
a: Heroism, Renounce Religion


You were on level 8 of the Dungeon.
You worshipped Okawaru.
Okawaru was greatly pleased with you.
You were hungry.

You visited 2 branches of the dungeon, and saw 9 of its levels.
You also visited: Ossuary.

You collected 627 gold pieces.

Inventory:

Hand Weapons
 a - a +1 flail
 y - a +4 whip of flaming (weapon)
Missiles
 g - 1593 stones
 h - 1799 arrows
 u - 851 sling bullets
 G - 160 bolts
 H - 89 poisoned tomahawks (quivered)
Armour
 b - a +0 scale mail (worn)
 c - a +0 medium shield (worn)
 f - a +1 helmet (worn)
 k - a +0 chain mail
 q - a +0 pair of boots (worn)
Jewellery
 d - a ring of protection from fire (right hand)
 j - a ring of magical power (left hand)
Wands
 w - a wand of iceblast (7)
 x - a wand of acid (6)
Scrolls
 m - 4 scrolls of teleportation
 n - 2 scrolls of immolation
 s - 3 scrolls of remove curse
 t - 4 scrolls of blinking
 A - 2 scrolls of fear
 F - a scroll of fog
 I - 3 scrolls of amnesia
Potions
 i - a potion of curing
 l - a potion of flight
 o - a potion of heal wounds
 r - a potion of lignification
 v - 2 potions of brilliance
 B - a potion of cancellation
 E - a potion of resistance
Comestibles
 e - 11 rations {!d}


   Skills:
 + Level 8.5(8.2) Fighting
 + Level 5.2(5.0) Short Blades
 + Level 5.2(5.0) Long Blades
 + Level 5.2(5.0) Axes
 + Level 7.0(6.8) Maces & Flails
 + Level 5.2(5.0) Polearms
 + Level 5.2(5.0) Staves
 + Level 5.2(5.0) Slings
 + Level 5.2(5.0) Bows
 + Level 5.2(5.0) Crossbows
 + Level 5.2(5.0) Throwing
 + Level 8.5(8.2) Armour
 + Level 5.2(5.0) Dodging
 + Level 5.2(5.0) Stealth
 + Level 8.5(8.2) Shields
 + Level 5.2(5.0) Unarmed Combat
 + Level 5.2(5.0) Spellcasting
 + Level 4.3(4.1) Conjurations
 + Level 4.3(4.1) Hexes
 + Level 4.3(4.1) Charms
 + Level 4.3(4.1) Summonings
 + Level 4.3(4.1) Necromancy
 + Level 4.3(4.1) Translocations
 + Level 4.3(4.1) Transmutations
 + Level 4.3(4.1) Fire Magic
 + Level 4.3(4.1) Ice Magic
 + Level 4.3(4.1) Air Magic
 + Level 4.3(4.1) Earth Magic
 + Level 4.3(4.1) Poison Magic
 + Level 5.7(5.5) Invocations
 + Level 5.2(5.0) Evocations


You had 17 spell levels left.
You knew the following spells:

 Your Spells              Type           Power        Failure   Level  Hunger
a - Animate Skeleton      Necr           N/A          19%         1    None
b - Pain                  Necr           ##....       19%         1    None

Your spell library contained the following spells:

 Spells                   Type           Power        Failure   Level  Hunger
 Regeneration             Chrm/Necr      ##........   47%         3    ###....
 Vampiric Draining        Necr           ##........   47%         3    ###....
 Animate Dead             Necr           N/A          87%         4    ####...
 Bolt of Draining         Conj/Necr      ##........   99%         5    ######.


Dungeon Overview and Level Annotations

Branches:
Dungeon (8/12)             Temple (1/1) D:5
   Lair: D:7-9          Orc: D:8-11

Altars:
Ashenzari
Cheibriados
Dithmenos
Elyvilon
Fedhas
Gozag
Hepliaklqana
Kikubaaqudgha
Lugonu
Makhleb
Nemelex Xobeh
Okawaru
Qazlal
Ru
Trog
Uskayaw
Vehumet
Wu Jian
Xom
Yredelemnul
Zin
The Shining One

Shops:
D:6 (

Annotations:
D:8 Psyche


Innate Abilities, Weirdness & Mutations

Your experience applies equally to all skills.
You have very sharp teeth.
Your uncanny sense of smell can sniff out nearby items.


Message History

You partially resist. The poison arrow hits you!
* * * LOW HITPOINT WARNING * * *
Psyche begins to cast a cantrip, but forgets the words!
You are feeling hungry.
You closely miss Psyche.
Psyche is lightly wounded.
* * * LOW HITPOINT WARNING * * *
You feel sick. You block Psyche's attack.
You whack Psyche! You burn Psyche. Your bite misses Psyche.
Psyche is heavily wounded.
* * * LOW HITPOINT WARNING * * *
You feel sick. You block Psyche's attack. x2
You barely miss Psyche.
Psyche is heavily wounded.
* * * LOW HITPOINT WARNING * * *
You feel sick. Psyche gestures at you while chanting.
You are more poisoned.
You partially resist. The poison arrow hits you!
You die...

.. . #... Y####.
#..# #...)######..##
####
#.Y..#...#....#.....
#....#...#....#....
#...Y#..Y#.YY.'....
. #....#Y..Y.YYY#..
.. #....Y.#####@##.#
.# ########
#@##.###..##
+..>........
#...........
#...........
#...........
#...........
#...####+### #####


You could see Psyche and 5 yaks.

Vanquished Creatures
  A centaur warrior (D:7)
  Pikel (D:5)
  Prince Ribbit (D:7)
  Grinder (D:5)
  A hippogriff (D:7)
  A wyvern (D:5)
  A water moccasin (D:8)
  4 sky beasts
  2 slaves (D:5)
  2 orc warriors
  2 phantoms
  3 ogres
  3 centaurs
  A big kobold (D:4)
  A bullfrog (D:6)
  6 killer bees (D:6)
  A howler monkey (D:4)
  A centaur zombie (D:6)
  2 crimson imps
  7 lava snakes (D:7)
  3 orc priests
  4 hounds
  5 orc wizards
  An iguana (D:5)
  4 worker ants
  7 big kobold zombies (Ossuary)
  A mummy (Ossuary)
  A worker ant zombie (D:6)
  11 adders
  3 shadow imps
  2 oozes
  3 adder zombies
  5 worms
  3 dart slugs
  2 leopard geckos
  23 orcs
  4 bat simulacra (Ossuary)
  A bat zombie (D:7)
  7 giant cockroaches
  4 gnoll zombies (Ossuary)
  5 goblins (D:2)
  8 hobgoblins
  13 jackals
  5 quokkas
  2 ball pythons
  5 bats
  6 frilled lizards
  2 goblin simulacra (Ossuary)
  6 goblin zombies
  5 hobgoblin zombies (Ossuary)
  6 kobolds
  2 kobold simulacra (Ossuary)
  3 kobold zombies (Ossuary)
  A leopard gecko skeleton (D:5)
  5 orc zombies (Ossuary)
  2 quokka zombies
  3 rats
  2 rat simulacra (Ossuary)
  A rat zombie (D:7)
  4 spectral goblins (Ossuary)
  4 spectral kobolds (Ossuary)
  4 spectral rats (Ossuary)
230 creatures vanquished.

Vanquished Creatures (collateral kills)
  A crimson imp (D:8)
  A quasit (D:8)
  An orc (D:8)
3 creatures vanquished.

Vanquished Creatures (others)
  A gnoll zombie (Ossuary)
1 creature vanquished.

Grand Total: 234 creatures vanquished

Notes
Turn   | Place    | Note
-------+----------+-------------------------------------------
     0 | D:1      | funkygono the Gnoll Fighter began the quest for the Orb.
     0 | D:1      | Reached XP level 1. HP: 23/23 MP: 1/1
   118 | D:1      | Reached XP level 2. HP: 24/29 MP: 2/2
   687 | D:2      | Reached XP level 3. HP: 35/35 MP: 3/3
   890 | D:2      | Reached skill level 1 in Invocations
   938 | D:2      | Found a white marble altar of Elyvilon.
  1009 | D:2      | Found a basalt altar of Yredelemnul.
  1209 | D:2      | Found a faded altar of an unknown god.
  1309 | D:3      | Reached skill level 1 in Short Blades
  1309 | D:3      | Reached skill level 1 in Long Blades
  1309 | D:3      | Reached skill level 1 in Axes
  1309 | D:3      | Reached skill level 1 in Polearms
  1309 | D:3      | Reached skill level 1 in Staves
  1309 | D:3      | Reached skill level 1 in Slings
  1309 | D:3      | Reached skill level 1 in Bows
  1309 | D:3      | Reached skill level 1 in Crossbows
  1309 | D:3      | Reached skill level 1 in Throwing
  1309 | D:3      | Reached skill level 1 in Dodging
  1309 | D:3      | Reached skill level 1 in Stealth
  1309 | D:3      | Reached skill level 1 in Unarmed Combat
  1309 | D:3      | Reached skill level 1 in Spellcasting
  1309 | D:3      | Reached skill level 1 in Evocations
  1314 | D:3      | Reached XP level 4. HP: 40/41 MP: 5/5
  1630 | D:3      | Reached skill level 1 in Conjurations
  1630 | D:3      | Reached skill level 1 in Hexes
  1630 | D:3      | Reached skill level 1 in Charms
  1630 | D:3      | Reached skill level 1 in Summonings
  1630 | D:3      | Reached skill level 1 in Necromancy
  1630 | D:3      | Reached skill level 1 in Translocations
  1630 | D:3      | Reached skill level 1 in Transmutations
  1630 | D:3      | Reached skill level 1 in Fire Magic
  1630 | D:3      | Reached skill level 1 in Ice Magic
  1630 | D:3      | Reached skill level 1 in Air Magic
  1630 | D:3      | Reached skill level 1 in Earth Magic
  1630 | D:3      | Reached skill level 1 in Poison Magic
  1739 | D:3      | Found a hazy altar of Hepliaklqana.
  1918 | D:4      | Found a radiant altar of Vehumet.
  1921 | D:4      | Noticed a phantom
  1954 | D:4      | Reached XP level 5. HP: 45/47 MP: 6/6
  1972 | D:4      | Killed a phantom
  2083 | D:4      | Reached XP level 6. HP: 45/53 MP: 8/8
  2187 | D:4      | Reached skill level 5 in Maces & Flails
  2267 | D:4      | Reached XP level 7. HP: 40/59 MP: 10/10
  2968 | D:5      | Entered Level 5 of the Dungeon
  2978 | D:5      | Noticed Grinder
  3001 | D:5      | Paralysed by Grinder for 2 turns
  3014 | D:5      | Killed Grinder
  3014 | D:5      | Reached XP level 8. HP: 17/67 MP: 12/12
  3365 | D:5      | Found a staircase to the Ecumenical Temple.
  3440 | Temple   | Entered the Ecumenical Temple
  3698 | Temple   | Became a worshipper of Warmaster Okawaru
  3902 | D:5      | Noticed a wyvern
  3917 | D:5      | Killed a wyvern
  4119 | D:5      | Noticed Pikel
  4220 | D:5      | Killed Pikel
  4220 | D:5      | Reached * piety under Okawaru
  4220 | D:5      | Reached XP level 9. HP: 27/73 MP: 14/14
  4722 | D:6      | Found a sand-covered staircase.
  4729 | Ossuary  | Entered an ossuary
  5456 | D:6      | Reached ** piety under Okawaru
  5500 | D:6      | Paralysed by fainting for 10 turns
  5519 | D:6      | Paralysed by fainting for 9 turns
  6076 | D:6      | Found Jistiric's Weapon Emporium.
  6396 | D:7      | Learned a level 1 spell: Animate Skeleton
  6398 | D:7      | Learned a level 1 spell: Pain
  6431 | D:7      | Reached skill level 5 in Invocations
  6602 | D:7      | Found an opulent altar of Gozag.
  6607 | D:7      | Noticed a centaur warrior
  6638 | D:7      | Killed a centaur warrior
  6638 | D:7      | Reached *** piety under Okawaru
  6638 | D:7      | Received a gift from Okawaru
  6638 | D:7      | Received a gift from Okawaru
  6638 | D:7      | Reached XP level 10. HP: 51/80 MP: 17/17
  6732 | D:7      | Reached skill level 5 in Short Blades
  6732 | D:7      | Reached skill level 5 in Long Blades
  6732 | D:7      | Reached skill level 5 in Axes
  6732 | D:7      | Reached skill level 5 in Polearms
  6732 | D:7      | Reached skill level 5 in Staves
  6732 | D:7      | Reached skill level 5 in Slings
  6732 | D:7      | Reached skill level 5 in Bows
  6732 | D:7      | Reached skill level 5 in Crossbows
  6732 | D:7      | Reached skill level 5 in Throwing
  6732 | D:7      | Reached skill level 5 in Dodging
  6732 | D:7      | Reached skill level 5 in Stealth
  6732 | D:7      | Reached skill level 5 in Unarmed Combat
  6732 | D:7      | Reached skill level 5 in Spellcasting
  6732 | D:7      | Reached skill level 5 in Evocations
  7095 | D:7      | Found a bloodstained altar of Trog.
  7096 | D:7      | Noticed Prince Ribbit
  7106 | D:7      | Killed Prince Ribbit
  7140 | D:7      | Found a stormy altar of Qazlal.
  7195 | D:7      | Found an ancient bone altar of Kikubaaqudgha.
  7282 | D:7      | Found a glowing golden altar of the Shining One.
  7504 | D:8      | Found a shimmering altar of Xom.
  7572 | D:8      | Reached **** piety under Okawaru
  7988 | D:8      | Noticed Psyche
  8015 | D:8      | Killed from afar by Psyche

Skill      XL: |  1  2  3  4  5  6  7  8  9 10 |
---------------+-------------------------------+-----
Invocations    | 1 2 3 4 5 |  5.7
Short Blades   | 1 2 3 4 5 |  5.2
Long Blades    | 1 2 3 4 5 |  5.2
Axes           | 1 2 3 4 5 |  5.2
Polearms       | 1 2 3 4 5 |  5.2
Staves         | 1 2 3 4 5 |  5.2
Slings         | 1 2 3 4 5 |  5.2
Bows           | 1 2 3 4 5 |  5.2
Crossbows      | 1 2 3 4 5 |  5.2
Throwing       | 1 2 3 4 5 |  5.2
Dodging        | 1 2 3 4 5 |  5.2
Stealth        | 1 2 3 4 5 |  5.2
Unarmed Combat | 1 2 3 4 5 |  5.2
Spellcasting   | 1 2 3 4 5 |  5.2
Evocations     | 1 2 3 4 5 |  5.2
Conjurations   | 1 2 3 4 |  4.3
Hexes          | 1 2 3 4 |  4.3
Charms         | 1 2 3 4 |  4.3
Summonings     | 1 2 3 4 |  4.3
Necromancy     | 1 2 3 4 |  4.3
Translocations | 1 2 3 4 |  4.3
Transmutations | 1 2 3 4 |  4.3
Fire Magic     | 1 2 3 4 |  4.3
Ice Magic      | 1 2 3 4 |  4.3
Air Magic      | 1 2 3 4 |  4.3
Earth Magic    | 1 2 3 4 |  4.3
Poison Magic   | 1 2 3 4 |  4.3
Maces & Flails | 5 6 7 |  7.0
Fighting       | 7 8 |  8.5
Armour         | 7 8 |  8.5
Shields        | 7 8 |  8.5

Action                   |  1- 3 |  4- 6 |  7- 9 | 10-12 || total
-------------------------+-------+-------+-------+-------++-------
Melee: Flail             |    98 |   114 |   185 |       ||   397
       Bite              |     5 |    18 |    70 |    10 ||   103
       Unarmed           |       |       |     2 |       ||     2
       Whip              |       |       |   452 |    75 ||   527
Throw: Tomahawk          |       |       |       |    38 ||    38
 Cast: Animate Skeleton  |       |       |     1 |     3 ||     4
       Pain              |       |       |     1 |       ||     1
  Use: Scroll            |     7 |     6 |     7 |     5 ||    25
       Potion            |       |       |     8 |     3 ||    11
 Stab: Confused          |       |       |     1 |       ||     1
       Sleeping          |       |       |       |     2 ||     2
       Distracted        |       |       |       |     1 ||     1
  Eat: Chunk             |     1 |     4 |    11 |     4 ||    20
       Ration            |       |       |     1 |       ||     1
Armor: Scale mail        |    36 |    40 |    21 |    30 ||   127
       Chain mail        |       |       |   226 |       ||   226
       Leather armour    |       |       |     4 |       ||     4
Dodge: Dodged            |    23 |    26 |   196 |    34 ||   279
Block: Medium shield     |    50 |    59 |   339 |    39 ||   487
